 Dungeon Crawl Stone Soup version 0.29-a0-299-g4c793a2ed2 (webtiles) character file.

Game seed: 9186963443463205894

333 Leszczynek the Chopper (level 6, -24/49 HPs)
             Began as a Human Gladiator on Mar 24, 2022.
             Killed by an exploding adder (35 damage)
             ... ignited by their inner flame
             ... on level 5 of the Dungeon.
             The game lasted 00:06:27 (1149 turns).

Leszczynek the Chopper (Human Gladiator)            Turns: 1149, Time: 00:06:27

Health: -24/49     AC:  8    Str: 15    XL:     6   Next: 83%
Magic:  6/6        EV: 11    Int: 14    God:
Gold:   134        SH:  0    Dex: 14    Spells: 5/5 levels left

rFire   . . .      SeeInvis .   a - +0 war axe
rCold   . . .      Faith    .   (no shield)
rNeg    . . .      Spirit   .   f - +0 ring mail
rPois   .          Reflect  .   c - +0 helmet
rElec   .          Harm     .   (no cloak)
rCorr   .          Rampage  .   (no gloves)
Will    .....                   (no boots)
Stlth   +.........              (no amulet)
HPRegen 0.96/turn               k - +6 ring of intelligence
MPRegen 0.10/turn               (no ring)

@: no status effects
A: iridescent scales 1, sense surroundings 1, regeneration 1, weak 1
a: no special abilities


You were on level 5 of the Dungeon.
You visited 1 branch of the dungeon, and saw 5 of its levels.
You also visited: Sewer.

You collected 134 gold pieces.

Inventory:

Hand Weapons
 a - a +0 war axe (weapon)
Missiles
 e - 3 javelins (quivered)
Armour
 b - a +0 leather armour
 c - a +0 helmet (worn)
 f - a +0 ring mail (worn)
Jewellery
 k - a +6 ring of intelligence (left hand)
Scrolls
 i - a scroll of immolation {!r}
Potions
 g - a potion of mutation {!q}


   Skills:
 * Level 4.4 Fighting
 * Level 5.0 Axes
 + Level 3.4 Throwing
 - Level 3.0 Dodging


You had 5 spell levels left.
You didn't know any spells.
Your spell library contained the following spells:

 Spells                   Type           Power      Damage    Failure   Level
 Magic Dart               Conj           0%         1d3       50%         1
 Call Canine Familiar     Summ           0%         N/A       86%         3
 Dazzling Flash           Conj/Hex       0%         N/A       86%         3
 Portal Projectile        Hex/Tloc       0%         N/A       86%         3
 Leda's Liquefaction      Hex/Erth       0%         N/A       99%         4
 Agony                    Necr           0%         N/A       100%        5
 Irradiate                Conj/Tmut      0%         3d14      100%        5
 Lightning Bolt           Conj/Air       0%         1d11      100%        5
 Silence                  Hex/Air        0%         N/A       100%        5
 Chain Lightning          Conj/Air       0%         N/A       100%        9


Dungeon Overview and Level Annotations

Branches:
Dungeon (5/15)              Sewer (visited)
 Temple: D:4-7

Altars:


Innate Abilities, Weirdness & Mutations

You are partially covered in iridescent scales. (AC +2)
You passively map a small area around you.
Your natural rate of healing is unusually fast.
You are weak. (Str -2)


Message History

The phantom is almost destroyed.
A killer bee comes into view.
A gnoll sergeant comes into view. It is wielding a +1 trident of flaming.
The phantom hits you.
The gnoll sergeant shouts!
The killer bee buzzes angrily.
You hit the phantom.
You destroy the phantom!
You hear an angry hiss.
Your Axes skill increases to level 5!
Unknown command.
Really read
i - 2 scrolls of immolation {!r}?
Really read the scroll of immolation?
As you read the scroll of immolation {!r}, it crumbles to dust.
The creatures around you are filled with an inner flame!
The adder completely misses you.
You closely miss the adder.
The adder is heavily wounded.
The adder bites you but does no damage. The killer bee barely misses you.
The adder bites you but does no damage.
Unknown command.
You barely miss the adder.
The adder is heavily wounded.
You miss the killer bee. You hit the adder.
Flame seeps out of the adder.
The killer bee barely misses you.
The adder is engulfed in blazing flames.
Flame seeps out of the adder.
The adder misses you. The adder bites you but does no damage.
The killer bee closely misses you. The adder barely misses you.
The adder is engulfed in blazing flames.
The adder explodes!
The fiery explosion engulfs the gnoll sergeant!!
The fiery explosion engulfs the killer bee!!!
The fiery explosion engulfs you!!
The killer bee explodes!
The fiery explosion engulfs the adder!!
The fiery explosion engulfs you!
* * * LOW HITPOINT WARNING * * *
The adder explodes!
The fiery explosion engulfs you!!
Ouch! That really hurt!
You die...

*,,.....#.... *
..#...##..##........
, , , ,
.#.<..#..##.#.....
.......##..#..#.#*
,#........=.#..#.## *
#................##..
,*, ,
.§§§§§..............
, ,
*,#○§§§....#.<.......
* #§@.§....#....##...
.............##....#
,
....###.....###....#
, ... ......# ......
,. ,.....#####=..##,
, , * ......# #.... ,
, *....... .....# ,
*,,,......... , , , ,
,


There were no monsters in sight!

Vanquished Creatures
  An ogre (D:4)
  A phantom (D:5)
  A gnoll sergeant (D:5)
  A scorpion (D:3)
  A killer bee (D:5)
  2 jellies (D:4)
  4 adders
  2 dart slugs (D:4)
  3 endoplasms
  9 giant cockroaches
  7 hobgoblins
  A jackal (D:4)
  2 quokkas (D:4)
  2 ball pythons
  4 bats (D:1)
  A frilled lizard (D:1)
  2 kobolds (D:3)
  8 rats
52 creatures vanquished.

Vanquished Creatures (others)
  7 plants (D:2)
7 creatures vanquished.

Grand Total: 59 creatures vanquished

Notes
Turn   | Place    | Note
-------+----------+-------------------------------------------
     0 | D:1      | Leszczynek the Human Gladiator began the quest for the Orb.
     0 | D:1      | Reached XP level 1. HP: 16/16 MP: 1/1
   123 | D:1      | Reached XP level 2. HP: 22/22 MP: 2/2
   156 | D:1      | Got Dispater's Guide on Arcane Weapons
   230 | D:2      | Reached XP level 3. HP: 22/28 MP: 3/3
   487 | D:4      | Noticed a scorpion
   708 | D:4      | Found a glowing drain.
   717 | D:4      | Reached XP level 4. HP: 31/34 MP: 4/4
   725 | Sewer    | Entered a sewer
   770 | Sewer    | Noticed a kobold brigand
   832 | D:4      | Reached skill level 3 in Fighting
   832 | D:4      | Reached skill level 4 in Axes
   845 | D:4      | Reached XP level 5. HP: 16/41 MP: 5/5
   847 | D:4      | Gained mutation: You passively map a small area around you.
                  | [potion of mutation]
   847 | D:4      | Gained mutation: You are weak. (Str -2) [potion of
                  | mutation]
   847 | D:4      | Gained mutation: You are partially covered in iridescent
                  | scales. (AC +2) [potion of mutation]
   847 | D:4      | Gained mutation: Your natural rate of healing is unusually
                  | fast. [potion of mutation]
   858 | D:4      | Noticed an ogre
   859 | D:4      | Noticed an orc warrior
   897 | D:3      | Reached skill level 3 in Throwing
  1078 | D:4      | Killed an ogre
  1079 | D:4      | Reached skill level 4 in Fighting
  1079 | D:4      | Reached XP level 6. HP: 19/48 MP: 6/6
  1130 | D:5      | Entered Level 5 of the Dungeon
  1147 | D:5      | Reached skill level 5 in Axes
  1149 | D:5      | Ouch! That really hurt!
  1149 | D:5      | Killed by an exploding adder... ignited by their inner
                  | flame

Illustrated notes

Levels and vault maps discovered:
D:1:      nagdon_arrival_zigzag_paths, layout_rooms,
          shapermc_ecumenical_altar_acropolis, minmay_pentomino_v4
D:2:      layout_basic, serial_bayou_lake_a
D:3:      layout_loops_ring
D:4:      layout_cave_pools, gup_sewer_entry_pipe, serial_shops, shop,
          chequers_garden, st_stairs_2
D:5:      cheibrodos_fzero, layout_cave_pools, minmay_temple_entry_sparse_star,
          grunt_ministairs_2, minivault_19

Skill      XL: |  1  2  3  4  5  6 |
---------------+-------------------+-----
Fighting       | 3 4 |  4.4
Axes           | 4 5 |  5.0
Throwing       | 3 |  3.4
Dodging        | |  3.0

Action                   |  1- 3 |  4- 6 || total
-------------------------+-------+-------++-------
Melee: War axe           |    82 |    73 ||   155
Throw: Throwing net      |     4 |     3 ||     7
       Javelin           |     1 |     3 ||     4
  Use: Potion            |     1 |     3 ||     4
       Scroll            |       |     4 ||     4
 Stab: Held in net/web   |     1 |     3 ||     4
Armor: Leather armour    |    10 |       ||    10
       Ring mail         |    37 |    38 ||    75
Dodge: Dodged            |    63 |    78 ||   141

Table legend: (Time is in decaauts)
 A = Elapsed time spent in this place.
 B = Non-inter-level travel time spent in this place.
 C = Inter-level travel time spent in this place.
 D = Time resting spent in this place.
 E = Time spent auto-exploring this place.
 F = Levels seen in this place.
 G = Mean time per level.
                   A        B        C        D        E       F      G
               +--------+--------+--------+--------+--------+-----+--------+
         Total |   1225 |   1091 |    134 |      0 |      0 |   6 |  204.2 |
       Dungeon |   1121 |    987 |    134 |      0 |      0 |   5 |  224.2 |
         Sewer |    103 |    103 |      0 |      0 |      0 |   1 |  103.0 |
               +--------+--------+--------+--------+--------+-----+--------+

Top non-repeatable levels by time:
     D:3: 472 daAuts
     D:4: 273 daAuts
     D:1: 203 daAuts
     D:2: 149 daAuts
   Sewer: 103 daAuts
     D:5: 22 daAuts
